 Dungeon Crawl Stone Soup version 0.28.0 (webtiles) character file.

Game seed: 14450363875597818648

21183 oldriver the Spear-Bearer (level 13, -4/106 HPs)
             Began as a Formicid Abyssal Knight on Feb 11, 2022.
             Was a High Priest of Lugonu.
             Succumbed to a cane toad's poison
             ... on level 5 of the Lair of Beasts.
             The game lasted 00:35:46 (19768 turns).

oldriver the Spear-Bearer (FoAK)                   Turns: 19768, Time: 00:35:47

Health: -4/106     AC: 19    Str: 22    XL:     13   Next: 18%
Magic:  19/19      EV:  6    Int: 11    God:    Lugonu [*****.]
Gold:   660        SH: 12    Dex: 11    Spells: 12/12 levels left

rFire   + + +      SeeInvis +   P - +1 battleaxe (flame)
rCold   x . .      Faith    .   w - +2 kite shield {rF+}
rNeg    . . .      Spirit   .   H - +2 plate armour {rF+}
rPois   .          Reflect  .   (helmet unavailable)
rElec   .          Harm     .   g - +0 cloak
rCorr   .          Rampage  .   q - +1 pair of gloves
Will    +....                   d - +0 pair of boots
Stlth   ..........              h - amulet of magic regeneration
HPRegen 0.27/turn               r - +4 ring of slaying
MPRegen 0.56/turn               O - ring of fire

@: lethally poisoned (-4 -> -25)
A: permanent stasis, dig shafts and tunnels, antennae 3, four strong arms
a: Dig, Shaft Self, Renounce Religion, Depart the Abyss, Bend Space, Banish,
Corrupt, Enter the Abyss


You were on level 5 of the Lair of Beasts.
You worshipped Lugonu.
Lugonu was extremely pleased with you.
You visited 2 branches of the dungeon, and saw 18 of its levels.
You visited the Abyss 1 time.
You also visited: Sewer and Volcano.

You collected 875 gold pieces.
You spent 215 gold pieces at shops.

Inventory:

Hand Weapons
 a - a +0 vampiric halberd
 b - a +0 hunting sling
 P - a +1 battleaxe of flaming (weapon)
Missiles
 j - 41 poisoned darts
 k - 253 stones (quivered)
 p - 3 curare-tipped darts
 z - a throwing net
Armour
 d - a +0 pair of boots (worn)
 g - a +0 cloak (worn)
 q - a +1 pair of gloves (worn)
 w - a +2 kite shield of fire resistance (worn)
 H - a +2 plate armour of fire resistance (worn)
Jewellery
 e - a +6 ring of strength
 h - an amulet of magic regeneration (around neck)
 l - a ring of flight
 r - a +4 ring of slaying (left hand)
 B - a ring of protection from cold
 I - a +4 ring of protection
 O - a ring of fire (right hand)
Wands
 n - a wand of acid (9)
 x - a wand of digging (14)
 C - a wand of flame (19)
 D - a wand of mindburst (9)
 L - a wand of polymorph (7)
 M - a wand of iceblast (14)
Scrolls
 i - 2 scrolls of vulnerability
 v - a scroll of amnesia
 y - a scroll of magic mapping {unknown}
 A - a scroll of fear
 G - a scroll of fog
 N - 4 scrolls of identify
Potions
 c - 2 potions of attraction {unknown}
 f - 2 potions of brilliance
 m - 3 potions of mutation {unknown}
 o - 2 potions of flight {unknown}
 s - 2 potions of cancellation
 t - a potion of ambrosia {unknown}
 F - a potion of invisibility {unknown}
 J - 4 potions of magic
 K - a potion of degeneration {unknown}


   Skills:
 + Level 11.5 Fighting
 * Level 13.8 Polearms
 - Level 3.0 Throwing
 + Level 5.8 Armour
 - Level 2.0 Dodging
 - Level 5.0 Stealth
 + Level 9.4 Shields
 - Level 8.0 Invocations


You had 12 spell levels left.
You didn't know any spells.
Your spell library contained the following spells:

 Spells                   Type           Power      Damage    Failure   Level
 Animate Skeleton         Necr           0%         N/A       100%        1
 Pain                     Necr           0%         1d4       100%        1
 Slow                     Hex            0%         N/A       100%        1
 Corpse Rot               Necr/Air       0%         N/A       100%        2
 Poisonous Vapours        Pois/Air       0%         N/A       100%        2
 Confusing Touch          Hex            0%         N/A       100%        3
 Frozen Ramparts          Ice            0%         1d2       100%        3
 Gell's Gravitas          Tloc           0%         N/A       100%        3
 Lesser Beckoning         Tloc           0%         N/A       100%        3
 Summon Guardian Golem    Hex/Summ       0%         N/A       100%        3
 Teleport Other           Tloc           0%         N/A       100%        3
 Vampiric Draining        Necr           0%         2d6       100%        3
 Ice Form                 Ice/Tmut       0%         N/A       100%        4
 Passage of Golubria      Tloc           0%         N/A       100%        4
 Summon Ice Beast         Ice/Summ       0%         N/A       100%        4
 Fireball                 Conj/Fire      0%         3d3       100%        5
 Iskenderun's Battlesphe  Conj           0%         2d6       100%        5
 Manifold Assault         Tloc           0%         N/A       100%        5
 Silence                  Hex/Air        0%         N/A       100%        5
 Conjure Ball Lightning   Conj/Air       0%         3x3d6     100%        6
 Starburst                Conj/Fire      0%         6d3       100%        6
 Orb of Destruction       Conj           0%         9d5       100%        7
 Spellforged Servitor     Conj/Summ      0%         N/A       100%        7
 Ignition                 Fire           0%         3d3       100%        8
 Lehudib's Crystal Spear  Conj/Erth      0%         10d2      100%        8
 Blink                    Tloc           Unusable   N/A       N/A         2

Dungeon Overview and Level Annotations

Branches:
Dungeon (14/15)            Temple (0/1) D:6            Lair (3/6) D:10
  Swamp (0/4) Lair:3        Snake (0/4) Lair:3        Sewer (visited)
Volcano (visited)
    Orc: D:9-12      Vaults: D:13-14

Altars:
Cheibriados
Kikubaaqudgha
Okawaru
Vehumet
Xom
Zin

Shops:
D:4 [   D:8 *[

Annotations:
D:7 1 runed translucent door, 2 transporters, growler's ghost, novice TeAE
D:11 1 runed translucent door
Lair:1 3 runed translucent doors, indyram44's ghost, novice MiFi
Lair:2 1 runed translucent door, Jingleheimer's ghost, journeyman MiGl
Abyss:1 Sigmund


Innate Abilities, Weirdness & Mutations

You cannot be hasted, slowed, berserked, paralysed or teleported.
You can dig through walls and to a lower floor.
You have a pair of large antennae on your head. (SInv)
Your four strong arms can wield two-handed weapons with a shield.


Message History

You feel sick.
Something bites the fungus!
The fungus begins to die.
You feel sick.
You feel sick.
Items here: ))) [[ ††.
You feel sick.
You feel sick.
You are no longer poisoned.
Space bends around you!
You blink.
Okay, then.
Space bends around you!
You blink.
Space bends sharply around you!
You blink.
Space bends sharply around you!
You blink.
Okay, then.
Found 18 gold pieces.
Okay, then.
Found a scroll of enchant armour.
You enter a teleport trap!
The teleport trap disappears.
Found a wand of flame (15).
Found a staircase to the Swamp.
The water moccasin bites you but does no damage. x3
Space bends sharply around you!
You blink.
Are you sure you want to shaft yourself?
You begin to dig a shaft.
You continue digging a shaft.
The komodo dragon hisses menacingly.
The water moccasin bites you but does no damage.
A shaft appears beneath you!
You fall into a shaft and drop 2 floors!
The shaft crumbles and collapses.
The cane toad gives a loud, deep croak!
You slice the cane toad!! You burn the cane toad.
The cane toad is almost dead.
You hit the fungus.
The fungus begins to die.
You burn the fungus. The cane toad stings you.
* * * LOW HITPOINT WARNING * * *
You are lethally poisoned!
The cane toad poisons you!
You hit the cane toad. You burn the cane toad.
You kill the cane toad!
Lugonu accepts your kill.
You slash the fungus! You burn the fungus.
You die...

#.... .... {
... { # {#..
#.. #.. #######
#...#..#..PP..#
...............
.......@.......
####.###P###...
##


There were no monsters in sight!

Vanquished Creatures
  A hydra (Lair:3)
  A lindwurm (Lair:2)
  A black mamba (Lair:1)
  4 cane toads
  2 kobold demonologists
  A rime drake (Lair:2)
  2 komodo dragons
  2 trolls
  3 hornets (D:8)
  12 blink frogs
  2 wyverns
  3 wraiths
  2 shadows
  19 yaks
  A fire bat (Volcano)
  3 basilisks
  An acid dragon (D:10)
  3 nagas (Lair:3)
  4 water moccasins
  4 hell hounds (Volcano)
  3 black bears
  2 ice beasts (D:6)
  2 sky beasts
  A necrophage (D:8)
  An ogre (D:4)
  An orc warrior (D:8)
  7 centaurs
  A phantom (D:5)
  5 bullfrogs
  A gnoll sergeant (D:10)
  6 kobold brigands
  6 scorpions
  A water moccasin zombie (D:7)
  15 killer bees
  6 electric eels
  4 wights (D:8)
  4 crimson imps
  3 howler monkeys (D:9)
  A bullfrog zombie (D:5)
  5 centaur zombies
  2 hounds
  A jelly (D:6)
  An orc priest (D:5)
  2 gnoll shamans
  Jessica (D:3)
  2 centaur skeletons
  6 iguanas
  Natasha (twice) (D:2 D:1)
  8 orc wizards
  14 gnolls
  7 adders
  4 river rats
  A shadow imp (D:5)
  An adder zombie (D:4)
  3 worms
  3 dart slugs
  22 orcs
  7 bats
  11 endoplasms
  4 giant cockroaches
  4 goblins
  6 hobgoblins
  10 jackals
  18 kobolds
  10 ball pythons
  5 frilled lizards
  9 rats
310 creatures vanquished.

Vanquished Creatures (others)
  12 fungi
  92 plants
104 creatures vanquished.

Grand Total: 414 creatures vanquished

Notes
Turn   | Place    | Note
-------+----------+-------------------------------------------
     0 | Abyss:1  | oldriver the Formicid Abyssal Knight began the quest for
                  | the Orb.
     0 | Abyss:1  | Reached XP level 1. HP: 18/18 MP: 2/2
    26 | D:1      | Escaped the Abyss
   146 | D:1      | Reached XP level 2. HP: 23/24 MP: 3/3
   394 | D:1      | Reached XP level 3. HP: 30/30 MP: 4/4
   418 | D:1      | Reached ** piety under Lugonu
   419 | D:1      | Reached skill level 3 in Polearms
   896 | D:2      | Found an ancient bone altar of Kikubaaqudgha.
   960 | D:2      | Noticed Natasha
   978 | D:2      | Killed Natasha
   979 | D:2      | Reached XP level 4. HP: 14/37 MP: 4/6
  1616 | D:2      | Reached XP level 5. HP: 42/42 MP: 7/7
  1621 | D:2      | Reached skill level 4 in Polearms
  1679 | D:2      | Noticed Natasha
  1711 | D:1      | Killed Natasha
  2321 | D:3      | Noticed Jessica
  2327 | D:3      | Killed Jessica
  2328 | D:3      | Reached XP level 6. HP: 49/49 MP: 8/8
  2328 | D:3      | Found a faded altar of an unknown god.
  2496 | D:3      | Found a shimmering altar of Xom.
  3027 | D:3      | Reached skill level 5 in Polearms
  3081 | D:3      | Reached *** piety under Lugonu
  3217 | D:3      | Noticed Sigmund
  3218 | D:3      | Banished Sigmund
  3219 | D:3      | Reached skill level 5 in Fighting
  3219 | D:3      | Reached XP level 7. HP: 56/56 MP: 5/10
  3834 | D:4      | Reached skill level 6 in Polearms
  4132 | D:4      | Reached skill level 5 in Invocations
  4262 | D:4      | Reached XP level 8. HP: 63/63 MP: 11/11
  4455 | D:4      | Found Vadduc's Armour Shoppe.
  4802 | D:4      | Found a glowing silver altar of Zin.
  4802 | D:4      | Found a radiant altar of Vehumet.
  5061 | D:5      | Entered Level 5 of the Dungeon
  5074 | D:5      | Reached skill level 7 in Polearms
  5553 | D:5      | Found a glowing drain.
  5557 | Sewer    | Entered a sewer
  5797 | Sewer    | Reached **** piety under Lugonu
  5916 | Sewer    | Reached skill level 8 in Polearms
  6066 | Sewer    | Reached XP level 9. HP: 67/71 MP: 12/12
  6651 | D:5      | Reached skill level 1 in Dodging
  6815 | D:5      | Reached skill level 1 in Stealth
  6880 | D:5      | Identified the +2 robe "Irimylom" {rN+ Stlth+}
  7147 | D:6      | Found a staircase to the Ecumenical Temple.
  7908 | D:6      | Reached skill level 9 in Polearms
  8016 | D:4      | Bought a +2 kite shield of fire resistance for 215 gold
                  | pieces
  8321 | D:7      | Noticed a sixfirhy
  8323 | D:7      | Found a runed translucent door.
  8413 | D:7      | Reached skill level 1 in Shields
  8948 | D:7      | Found a transporter.
  8951 | D:7      | Noticed growler's ghost (novice TeAE)
  8964 | D:7      | Found an iron altar of Okawaru.
  9054 | D:7      | Reached XP level 10. HP: 80/80 MP: 14/14
  9074 | D:7      | Found a transporter.
  9112 | D:7      | Noticed a moth of wrath
  9366 | D:7      | Reached ***** piety under Lugonu
  9485 | D:8      | Found Cheibriados's Comfort Zone.
  9487 | D:8      | Found a snail-covered altar of Cheibriados.
  9578 | D:8      | Found Aeunn's Alliterative Accessories.
 11912 | D:8      | Reached skill level 5 in Stealth
 12032 | D:8      | Reached skill level 5 in Armour
 12289 | D:9      | You fall into a shaft and drop 3 floors!
 12634 | D:12     | Noticed a four-headed hydra
 12837 | D:11     | Noticed a two-headed ogre
 12873 | D:12     | Reached skill level 10 in Polearms
 12919 | D:11     | Banished a two-headed ogre
 12920 | D:11     | Reached XP level 11. HP: 74/89 MP: 11/16
 12929 | D:12     | Reached skill level 5 in Shields
 13019 | D:11     | Noticed a two-headed ogre
 13027 | D:12     | Banished a two-headed ogre
 13060 | D:11     | Reached skill level 11 in Polearms
 13150 | D:11     | You fall into a shaft and drop 3 floors!
 13167 | D:13     | Noticed a manticore
 13559 | D:11     | Found a runed translucent door.
 13675 | D:10     | Entered Level 10 of the Dungeon
 13874 | D:10     | Noticed a sun demon
 14167 | D:9      | Reached skill level 10 in Fighting
 14593 | D:9      | Reached skill level 12 in Polearms
 14593 | D:9      | Reached XP level 12. HP: 39/97 MP: 18/18
 15316 | D:10     | Found a staircase to the Lair.
 15367 | D:10     | Reached skill level 1 in Throwing
 15922 | Lair:1   | Entered Level 1 of the Lair of Beasts
 16298 | Lair:1   | Found a runed translucent gate.
 16298 | Lair:1   | Found a runed translucent gate.
 16298 | Lair:1   | Found a runed translucent gate.
 16299 | Lair:1   | Noticed indyram44's ghost (novice MiFi)
 16300 | Lair:1   | Noticed a 12-headed hydra
 16300 | Lair:1   | Noticed a ten-headed hydra
 17307 | Lair:2   | Found a dark tunnel.
 17373 | Volcano  | Entered a volcano
 17454 | Volcano  | Noticed a two-headed ogre
 17548 | Volcano  | Reached skill level 13 in Polearms
 17555 | Volcano  | Banished a two-headed ogre
 17821 | Volcano  | Noticed a two-headed ogre
 17827 | Volcano  | Banished a two-headed ogre
 18276 | Lair:2   | Found a runed translucent door.
 18281 | Lair:2   | Noticed Jingleheimer's ghost (journeyman MiGl)
 19174 | Lair:2   | Reached XP level 13. HP: 106/106 MP: 19/19
 19408 | Lair:3   | Noticed an eight-headed hydra
 19417 | Lair:3   | Killed a six-headed hydra
 19702 | Lair:3   | Found a staircase to the Snake Pit.
 19761 | Lair:3   | Found a staircase to the Swamp.
 19766 | Lair:3   | You fall into a shaft and drop 2 floors!
 19767 | Lair:5   | HP: 2/106 [cane toad (3)]
 19768 | Lair:5   | Succumbed to a cane toad's poison

Illustrated notes

Levels and vault maps discovered:
D:1:      giann_forest_graveyard, layout_loops_ring
D:2:      layout_basic, basic_altar, uniq_natasha
D:3:      layout_loops_cross, led_xom_imps, hellmonk_ecumenical_altar_blasted,
          uniq_sigmund, uniq_jessica
D:4:      layout_loops_corners, mainiacjoe_overflow_divided_tiny, serial_shops,
          kennysheep_little_box, minmay_misc_feat_diagonals
D:5:      layout_loops_ring, gup_sewer_entry_bowl
D:6:      layout_basic, minmay_temple_entry_mist, nicolae_zen_rock_garden
D:7:      cheibrodos_shockbox, layout_cave_pools,
          mainiacjoe_overflow_tiny_flanked, gammafunk_ghost_berserking_beasts,
          grunt_decor_resistance
D:8:      layout_basic, serial_bayou, serial_bayou_pond_c, serial_bayou_pond_a,
          serial_bayou_ford_a, serial_bayou_pond_b, serial_bayou_lagoon_a,
          minivault_19, minmay_shop_chei, nicolae_alphabet_shops, eino_jars
D:9:      layout_irregular_city
D:10:     layout_rooms, david_lair_generic
D:11:     layout_basic, minmay_misc_feat_ornament, minmay_misc_feat_rows,
          nzn_makhleb_speed_demon
D:12:     layout_cave_pods, orc_0_dummy, gammafunk_ghost_necromancy,
          serial_shops, shop_scrolls, uniq_frances, uniq_urug
D:13:     layout_rooms, david_vaults_2, minmay_misc_feat_tiny
D:14:     minmay_recursive_quarters, layout_irregular_city, hangedman_ru_absence
Lair:1:   layout_regular_city, gammafunk_ghost_hydra_chop,
          serial_bayou_lagoon_b, lemuel_fruit_fields
Lair:2:   layout_roguey, ebering_ghost_reflecting_pool,
          nicolae_volcano_entry_vermiform
Lair:3:   layout_cave_pods, minmay_swamp_entry_reptiles,
          minmay_snake_entry_guardpost_small, serial_rivers,
          chequers_serial_rivers_large_a, chequers_serial_rivers_micro_e,
          chequers_serial_rivers_micro_a, chequers_serial_rivers_small_3,
          chequers_serial_rivers_small_b, chequers_serial_rivers_micro_b
Lair:5:   layout_long_grid, dpeg_slime_entry_enclosed_altar,
          ebering_ghost_reflecting_pool

Skill      XL: |  1  2  3  4  5  6  7  8  9 10 11 12 |
---------------+-------------------------------------+-----
Polearms       | 3 4 5 6 8 9 10 12 13 | 13.8
Fighting       | 4 5 6 7 9 10 11 | 11.5
Invocations    | 3 4 5 6 7 8 |  8.0
Dodging        | 2 |  2.0
Stealth        | 3 5 |  5.0
Armour         | 3 5 |  5.8
Shields        | 1 4 7 9 |  9.4
Throwing       | 3 |  3.0

Action                   |  1- 3 |  4- 6 |  7- 9 | 10-12 | 13-15 || total
-------------------------+-------+-------+-------+-------+-------++-------
Melee: Spear             |    99 |   171 |   536 |    40 |       ||   846
       Punch             |     1 |     1 |     6 |       |       ||     8
       Halberd           |       |       |       |   620 |    60 ||   680
       Battleaxe         |       |       |       |       |     9 ||     9
 Fire: Hunting sling     |       |    38 |    83 |    55 |       ||   176
Throw: Stone             |       |       |     3 |     6 |       ||     9
       Dart              |       |       |       |     8 |       ||     8
Invok: Banish            |       |     1 |       |     6 |       ||     7
       Bend Space        |       |       |       |     5 |     8 ||    13
 Abil: Shaft Self        |       |       |       |     1 |     1 ||     2
Evoke: Wand              |       |       |       |       |     5 ||     5
  Use: Scroll            |       |       |    10 |     8 |       ||    18
       Potion            |       |       |     1 |     6 |     2 ||     9
 Stab: Distracted        |       |       |     1 |     1 |       ||     2
       Sleeping          |       |       |       |     4 |       ||     4
Armor: Leather armour    |     4 |       |    32 |   203 |       ||   239
       Scale mail        |    14 |    60 |   109 |       |       ||   183
       Plate armour      |       |       |       |    27 |    41 ||    68
Dodge: Dodged            |    36 |    57 |   163 |   254 |    14 ||   524
Block: Kite shield       |       |       |    21 |   374 |    47 ||   442
